 Dungeon Crawl Stone Soup version 0.22.1-6-g1668fe2c40 (webtiles) character file.

8480 LabCoat the Cleaver (level 11, -2/95 HPs)
             Began as a Hill Orc Fighter on Jan 25, 2019.
             Was a Follower of Trog.
             Slain by a blink frog (8 damage)
             ... on level 1 of the Lair of Beasts on Jan 26, 2019.
             The game lasted 00:40:50 (10375 turns).

LabCoat the Cleaver (Hill Orc Fighter)             Turns: 10375, Time: 00:40:51

Health: -2/95      AC: 16    Str: 27    XL:     11   Next: 31%
Magic:  11/11      EV:  7    Int:  8    God:    Trog [*.....]
Gold:   514        SH: 13    Dex: 11    Spells: 10/10 levels left

rFire    x . .     SeeInvis .   G - +1 war axe (chop)
rCold    + + .     Gourm    +   c - +1 shield
rNeg     . . .     Faith    .   z - +0 chain mail
rPois    .         Spirit   .   A - +2 helmet
rElec    .         Reflect  .   (no cloak)
rCorr    .         Harm     .   (no gloves)
MR       ++...                  B - +0 pair of boots
Stlth    ..........             s - amulet of the gourmand
HPRegen  1.25/turn              o - ring of protection from cold
MPRegen  0.12/turn              g - ring of ice

@: mighty, berserk cooldown, very slightly contaminated, regenerating
A: no striking features
a: Berserk, Renounce Religion


You were on level 1 of the Lair of Beasts.
You worshipped Trog.
Trog was aware of your devotion.
You were very full.

You visited 3 branches of the dungeon, and saw 11 of its levels.

You collected 514 gold pieces.

Inventory:

Hand Weapons
 a - a +1 war axe
 e - a +0 mace
 r - a +3 hunting sling
 t - a cursed +0 flail
 w - a +0 hunting sling
 y - a +3 flail of protection
 G - a +1 war axe of chopping (weapon)
 H - the +7 great mace "Undeadhunter" {disrupt, rN+}
   (You found it on level 8 of the Dungeon)

   It protects you from negative energy.
Missiles
 n - 78 sling bullets
 N - 3 tomahawks (quivered)
Armour
 c - a +1 shield (worn)
 h - a +0 pair of boots
 l - a +0 helmet
 z - a +0 chain mail (worn)
 A - a +2 helmet (worn)
 B - a +0 pair of boots (worn)
 L - a +0 large shield
Jewellery
 g - a ring of ice (right hand)
 o - a ring of protection from cold (left hand)
 p - an uncursed ring of wizardry
 s - an amulet of the gourmand (around neck)
Wands
 b - a wand of random effects (22)
 D - a wand of acid (7)
 F - a wand of disintegration (11)
 I - a wand of enslavement (30)
 J - a wand of clouds (4)
Scrolls
 i - a scroll of fear
 u - a scroll of amnesia
 x - a scroll of enchant armour
 C - a scroll of remove curse
 K - 2 scrolls of identify
 M - a scroll of enchant weapon
 O - a scroll of magic mapping
Potions
 k - 2 potions of flight
 m - a potion of brilliance
 E - 3 potions of resistance
Comestibles
 f - 7 rations
 v - 3 chunks of flesh


   Skills:
 + Level 8.9 Fighting
 + Level 13.8 Axes
 + Level 2.4 Throwing
 + Level 9.4 Armour
 + Level 9.3 Shields


You had 10 spell levels left.
You didn't know any spells.
Your spell library contained the following spells:

 Spells                   Type           Power        Failure   Level  Hunger
 Animate Skeleton         Necr           N/A          99%         1    ##.....
 Apportation              Tloc           #.....       99%         1    ##.....
 Confusing Touch          Hex            #.....       99%         1    ##.....
 Flame Tongue             Conj/Fire      #....        99%         1    ##.....
 Shock                    Conj/Air       #...         99%         1    ##.....
 Summon Small Mammal      Summ           #...         99%         1    ##.....
 Swiftness                Chrm/Air       #.......     99%         2    ###....
 Throw Flame              Conj/Fire      #.....       99%         2    ###....
 Conjure Flame            Conj/Fire      #.......     100%        3    ####...
 Inner Flame              Hex/Fire       #.......     100%        3    ####...
 Static Discharge         Conj/Air       #.......     100%        3    ####...
 Airstrike                Air            #.........   100%        4    #####..
 Sticky Flame             Conj/Fire      #.......     100%        4    #####..
 Fireball                 Conj/Fire      #.........   100%        5    ######.
 Lightning Bolt           Conj/Air       #.........   100%        5    ######.


Dungeon Overview and Level Annotations

Branches:
Dungeon (9/15)             Temple (1/1) D:6            Lair (1/6) D:9
    Orc: D:9-12

Altars:
Ashenzari
Cheibriados
Dithmenos
Elyvilon
Fedhas
Gozag
Hepliaklqana
Kikubaaqudgha
Makhleb
Nemelex Xobeh
Okawaru
Qazlal
Ru
Sif Muna
Trog
Uskayaw
Vehumet
Wu Jian
Xom
Yredelemnul
Zin
The Shining One

Shops:
D:4 :

Annotations:
D:3 3 runed doors, Forgol's ghost, amateur MfGl


Message History

You kill the blink frog!
Trog accepts your kill.
You barely miss the blink frog.
The blink frog is severely wounded.
The blink frog hits you but does no damage.
You closely miss the blink frog.
The blink frog is severely wounded.
You block the blink frog's attack. x2
You slice the blink frog!!
You kill the blink frog!
Trog accepts your kill.
You can now call upon Trog for regeneration and magic resistance.
You see here a blink frog corpse.
Your skin crawls.
You feel resistant to hostile enchantments.
You feel somewhat less full.
You can no longer call upon Trog for regeneration and magic resistance.
The blink frog hits you but does no damage.
The blink frog hits you!
You die...

#..#(## .
.... #.#.#(.#
#.###.## .
#.).# ##.##
#.# #.# ....
#.# #..§? #@#
..... #
#F##..... #.
##(#......
#..#††#..F...
#...(.......
#..#........
#..#........
#....†......
##........#.


You could see a blink frog.

Vanquished Creatures
  3 two-headed ogres (D:8)
  An elephant (D:9)
  Joseph (Lair:1)
  A centaur skeleton (D:9)
  A komodo dragon (Lair:1)
  A spiny frog (Lair:1)
  2 trolls
  3 blink frogs (Lair:1)
  2 hippogriffs
  A wyvern (D:8)
  A basilisk (D:9)
  A hungry ghost (D:8)
  Menkaure (D:6)
  Edmund (D:6)
  A water moccasin (Lair:1)
  Duvessa (D:6)
  An orc warrior (D:9)
  2 porcupines (Lair:1)
  A sky beast (D:5)
  An ice beast (D:8)
  A necrophage (D:8)
  4 ogres
  4 centaurs
  3 wolves (Lair:1)
  A crocodile (D:9)
  Blork the orc (D:4)
  A big kobold (D:9)
  2 bullfrogs
  Dowan (D:6)
  3 bullfrog zombies
  A centaur zombie (D:5)
  3 crimson imps
  4 orc wizards
  2 hounds
  3 jellies
  3 orc priests
  An iguana (D:9)
  Ijyb (D:5)
  8 worker ants
  A killer bee zombie (D:6)
  A hound skeleton (D:8)
  Robin (D:3)
  4 gnolls (D:5)
  6 adders
  A shadow imp (D:5)
  An ooze (D:1)
  2 adder skeletons
  A dart slug (D:1)
  4 worms
  6 leopard geckos
  12 orcs
  A ball python (D:1)
  4 bats
  A giant cockroach (D:4)
  13 goblins
  5 hobgoblins
  10 jackals
  2 quokkas
  7 frilled lizards
  2 jackal zombies
  13 kobolds
  A leopard gecko zombie (D:5)
  7 rats
  A fungus (Lair:1)
  A plant (D:1)
182 creatures vanquished.

Vanquished Creatures (others)
  An orc wizard (D:9)
1 creature vanquished.

Grand Total: 183 creatures vanquished

Notes
Turn   | Place    | Note
-------+----------+-------------------------------------------
     0 | D:1      | LabCoat the Hill Orc Fighter began the quest for the Orb.
     0 | D:1      | Reached XP level 1. HP: 19/19 MP: 1/1
   223 | D:1      | Reached XP level 2. HP: 22/27 MP: 2/2
   313 | D:1      | Reached skill level 3 in Axes
   433 | D:1      | Reached XP level 3. HP: 33/33 MP: 3/3
   453 | D:1      | Found a sparkling altar of Nemelex Xobeh.
  1485 | D:3      | Reached skill level 4 in Axes
  1485 | D:3      | Reached XP level 4. HP: 40/40 MP: 4/4
  1644 | D:3      | Noticed Robin
  1662 | D:3      | Killed Robin
  2080 | D:3      | Reached skill level 5 in Axes
  2080 | D:3      | Reached XP level 5. HP: 35/46 MP: 5/5
  2259 | D:3      | Found a runed gate.
  2260 | D:3      | Found a runed gate.
  2260 | D:3      | Found a runed gate.
  2268 | D:3      | Noticed Forgol's ghost (amateur MfGl)
  2611 | D:4      | Noticed Blork the orc
  2630 | D:4      | Killed Blork the orc
  2942 | D:4      | Found Pitinar's Book Shoppe.
  2954 | D:4      | Reached XP level 6. HP: 49/53 MP: 6/6
  3119 | D:4      | Reached skill level 6 in Axes
  3356 | D:5      | Entered Level 5 of the Dungeon
  3359 | D:5      | Noticed a sky beast
  3415 | D:5      | Killed a sky beast
  3673 | D:5      | Reached XP level 7. HP: 51/60 MP: 7/7
  3964 | D:5      | Found a glowing golden altar of the Shining One.
  3978 | D:5      | Reached skill level 7 in Axes
  3978 | D:5      | Reached skill level 5 in Shields
  3988 | D:5      | Noticed Ijyb
  4004 | D:5      | Killed Ijyb
  4004 | D:5      | Reached skill level 5 in Fighting
  4004 | D:5      | Reached skill level 5 in Armour
  4294 | D:5      | Found a sacrificial altar of Ru.
  4526 | D:6      | Noticed Edmund
  4705 | D:6      | Killed Edmund
  4705 | D:6      | Reached skill level 8 in Axes
  4705 | D:6      | Reached XP level 8. HP: 58/68 MP: 8/8
  4932 | D:6      | Found a hazy altar of Hepliaklqana.
  4968 | D:6      | Found a shattered altar of Ashenzari.
  4980 | D:6      | Noticed Dowan
  4981 | D:6      | Noticed Duvessa
  4999 | D:6      | Killed Duvessa
  5018 | D:6      | Killed Dowan
  5303 | D:6      | Reached skill level 9 in Axes
  5387 | D:6      | Noticed Menkaure
  5396 | D:6      | Killed Menkaure
  5471 | D:6      | Found a bloodstained altar of Trog.
  5479 | D:6      | Became a worshipper of Trog the Wrathful
  5751 | D:6      | Found a staircase to the Ecumenical Temple.
  5757 | Temple   | Entered the Ecumenical Temple
  6076 | D:6      | Found a snail-covered altar of Cheibriados.
  6438 | D:7      | Found a glowing golden altar of the Shining One.
  6803 | D:8      | Noticed a two-headed ogre
  6812 | D:8      | Killed a two-headed ogre
  6812 | D:8      | Reached skill level 10 in Axes
  6812 | D:8      | Reached XP level 9. HP: 55/78 MP: 9/9
  6874 | D:8      | Noticed a two-headed ogre
  7192 | D:8      | Reached skill level 1 in Throwing
  7199 | D:8      | Noticed a troll
  7202 | D:8      | Reached skill level 11 in Axes
  7245 | D:8      | Killed a two-headed ogre
  7449 | D:8      | Noticed a two-headed ogre
  7837 | D:8      | Reached XP level 10. HP: 86/86 MP: 10/10
  7985 | D:8      | Found the +7 great mace "Undeadhunter" {disrupt, rN+}
  8114 | D:8      | Killed a two-headed ogre
  8114 | D:8      | Reached skill level 12 in Axes
  8840 | D:9      | Reached * piety under Trog
  9331 | D:9      | Noticed an elephant
  9367 | D:9      | Killed an elephant
  9504 | D:9      | Found a staircase to the Lair.
  9757 | D:9      | Reached skill level 13 in Axes
  9933 | Lair:1   | Entered Level 1 of the Lair of Beasts
  9945 | Lair:1   | Noticed a spiny frog
  9956 | Lair:1   | Reached XP level 11. HP: 64/95 MP: 11/11
 10328 | Lair:1   | Noticed Joseph
 10360 | Lair:1   | Killed Joseph
 10368 | Lair:1   | HP: 2/95 [blink frog (13)]
 10372 | Lair:1   | Reached ** piety under Trog
 10375 | Lair:1   | Slain by a blink frog

Skill      XL: |  1  2  3  4  5  6  7  8  9 10 |
---------------+-------------------------------+-----
Axes           | 3 4 5 6 8 10 11 13 | 13.8
Fighting       | 4 5 6 7 8 |  8.9
Shields        | 4 5 6 7 9 |  9.3
Armour         | 4 5 7 9 |  9.4
Throwing       | 1 2 |  2.4

Action                   |  1- 3 |  4- 6 |  7- 9 | 10-12 || total
-------------------------+-------+-------+-------+-------++-------
Melee: War axe           |   173 |   204 |   295 |   218 ||   890
Throw: Tomahawk          |       |       |    16 |    11 ||    27
Invok: Berserk           |       |       |       |     4 ||     4
       Trog's Hand       |       |       |       |     1 ||     1
  Use: Scroll            |     5 |     4 |    13 |     7 ||    29
       Potion            |       |     3 |     6 |     3 ||    12
  Eat: Chunk             |     2 |    11 |    10 |    12 ||    35
       Ration            |       |     1 |     1 |     2 ||     4
Armor: Scale mail        |    52 |    90 |     8 |       ||   150
       Chain mail        |       |       |   108 |    91 ||   199
Dodge: Dodged            |    40 |    61 |    51 |    47 ||   199
Block: Shield            |    91 |   105 |   154 |   123 ||   473
